 Dungeon Crawl Stone Soup version 0.18.1-48-g4cf74bf (webtiles) character file.

296 raph the Slasher (level 6, -5/39 HPs)
             Began as a High Elf Skald on July 6, 2016.
             Slain by an orc
             ... wielding a +0 flail
              (8 damage)
             ... on level 3 of the Dungeon.
             The game lasted 00:07:55 (4863 turns).

raph the Slasher (High Elf Skald)                   Turns: 4863, Time: 00:07:55

Health: -5/39      AC:  3    Str: 12    XL:     6   Next: 12%
Magic:  6/10       EV: 11    Int: 16    God:
Gold:   130        SH:  0    Dex: 16    Spells: 3 memorised, 3 levels left

rFire  . . .     SeeInvis .     a - +0 falchion
rCold  . . .     Gourm    .     b - +0 leather armour
rNeg   . . .     Faith    .     (no shield)
rPois  .         Spirit   .     (no helmet)
rElec  .         Dismiss  .     (no cloak)
rCorr  .         Reflect  .     (no gloves)
SustAt .         Harm     .     (no boots)
MR     .....                    (no amulet)
Stlth  +.........               (no ring)
                                (no ring)

@: not resistant to hostile enchantments, very unstealthy
A: no striking features
a: no special abilities


You were on level 3 of the Dungeon.
You were not hungry.

You visited 1 branch of the dungeon, and saw 3 of its levels.

You collected 130 gold pieces.

Inventory:

Hand Weapons
 a - a +0 falchion (weapon)
 q - a +0 shortbow
Armour
 b - a +0 leather armour (worn)
Jewellery
 n - a cursed -6 ring of evasion {unknown}
Scrolls
 e - 2 scrolls of identify {unknown}
 i - 2 scrolls of remove curse {unknown}
 j - a scroll of recharging {unknown}
 m - a scroll of magic mapping {unknown}
Potions
 f - a potion of lignification {unknown}
 h - 2 potions of heal wounds {unknown}
 o - a potion of berserk rage {unknown}
 p - a potion of beneficial mutation {unknown}
Books
 c - a book of Battle

   Spells                             Type                      Level
   a - Infusion                       Charms                       1
   b - Shroud of Golubria             Charms/Translocation         2
   c - Song of Slaying                Charms                       2
   d - Spectral Weapon                Hexes/Charms                 3
   e - Regeneration                   Charms/Necromancy            3
Comestibles
 d - 3 bread rations
 g - 4 fruits
 k - 2 meat rations
 l - a royal jelly
 r - a chunk of flesh


   Skills:
 - Level 2.0 Fighting
 + Level 7.2 Long Blades
 - Level 0.8 Armour
 - Level 1.1 Dodging
 - Level 2.4 Spellcasting
 + Level 4.7 Charms


You had 3 spell levels left.
You knew the following spells:

 Your Spells              Type           Power        Failure   Level  Hunger
a - Infusion              Chrm           ###.         4%          1    #......
b - Shroud of Golubria    Chrm/Tloc      #.........   17%         2    ###....
c - Spectral Weapon       Hex/Chrm       #.......     34%         3    ###....


Dungeon Overview and Level Annotations

Branches:
Dungeon (3/15)

Altars:
Trog
Yredelemnul
The Shining One

Annotations:
D:3 Sigmund


Message History

The orc priest calls down the wrath of Beogh upon you.
Beogh smites you!
The orc throws a stone.
The stone barely misses you.
You hit the orc priest.
The orc priest is severely wounded.
Your spectral weapon hits the orc priest but does no damage.
The orc priest hits your spectral weapon with a mace.
Your spectral weapon shares its damage with you!
* * * LOW HITPOINT WARNING * * *
The orc throws a stone.
The stone hits you but does no damage.
You hit the orc priest.
You kill the orc priest!
The orc throws a stone.
The stone hits you but does no damage.
The orc throws a stone.
The stone hits you.
* * * LOW HITPOINT WARNING * * *
You see here a stone.
The orc wizard points at you and mumbles some strange words.
The magic dart hits you!
* * * LOW HITPOINT WARNING * * *
The orc hits you with a flail!
You die...

...#......#.....o.#.##)#.#
......#.....####..#.##.#.#
...........(((....#.##.#.#
..>......(..#..........#.#
....(.......#.#..........#
......#.)...#.#.#.########
......(.....#.......
.###.....(..#)#o#o### .#
#......((.(((@.# .#
#......#(............
.###......##############
.#...####.#..........#
.#...# #.#.########.#
.#...####.#.#......#.#####
#+......#.#..............#
.#........###.####.#.##.##
#.#+#..............#.##.#


You could see an orc wizard, an orc and a friendly spectral falchion.

Vanquished Creatures
  A scorpion (D:3)
  A giant frog zombie (D:3)
  2 orc priests (D:3)
  A giant frog skeleton (D:3)
  3 adders
  2 worms
  A dart slug (D:3)
  4 giant geckos
  7 orcs
  3 giant cockroaches
  6 goblins
  7 hobgoblins
  4 jackals (D:1)
  3 quokkas (D:2)
  2 ball pythons (D:3)
  9 bats
  8 giant newts
  13 kobolds
  11 rats
88 creatures vanquished.

Notes
Turn   | Place    | Note
--------------------------------------------------------------
     0 | D:1      | raph the High Elf Skald began the quest for the Orb.
     0 | D:1      | Reached XP level 1. HP: 14/14 MP: 4/4
   314 | D:1      | Reached skill level 3 in Long Blades
   314 | D:1      | Reached XP level 2. HP: 17/19 MP: 3/6
   793 | D:1      | Learned a level 2 spell: Shroud of Golubria
  1226 | D:1      | Reached XP level 3. HP: 12/24 MP: 7/7
  1444 | D:1      | Found a basalt altar of Yredelemnul.
  1542 | D:2      | Found a bloodstained altar of Trog.
  1542 | D:2      | Found a basalt altar of Yredelemnul.
  1603 | D:2      | Found a glowing golden altar of the Shining One.
  1675 | D:2      | Reached skill level 4 in Long Blades
  2498 | D:2      | Reached XP level 4. HP: 21/29 MP: 1/8
  2512 | D:2      | Learned a level 3 spell: Spectral Weapon
  2772 | D:3      | Reached skill level 5 in Long Blades
  2776 | D:3      | Noticed Sigmund
  3071 | D:3      | Reached skill level 6 in Long Blades
  3071 | D:3      | Reached XP level 5. HP: 18/34 MP: 5/9
  4444 | D:3      | Reached skill level 7 in Long Blades
  4545 | D:2      | Reached XP level 6. HP: 11/39 MP: 4/10
  4863 | D:3      | Slain by an orc

Skill      XL: |  1  2  3  4  5 |
---------------+----------------+-----
Long Blades    | 3 4 6 7 |  7.2
Charms         | 4 |  4.7
Fighting       | |  2.0
Armour         | |  0.8
Dodging        | |  1.1
Spellcasting   | |  2.4

Action                   |  1- 3 |  4- 6 || total
-------------------------+-------+-------++-------
Melee: Falchion          |   123 |   118 ||   241
 Cast: Infusion          |    27 |    13 ||    40
       Shroud of Golubri |     2 |     5 ||     7
       Spectral Weapon   |       |     1 ||     1
 Stab: Sleeping          |       |     1 ||     1
  Eat: Chunk             |     5 |     9 ||    14
Armor: Leather armour    |    48 |    30 ||    78
Dodge: Dodged            |    68 |    89 ||   157
